 Dungeon Crawl Stone Soup version 0.20.0-15-g7f486f2 (webtiles) character file.

206970 Ic0n the Executioner (level 19, -3/174 HPs)
             Began as a Hill Orc Monk on June 17, 2017.
             Was the Champion of the Shining One.
             Slain by an emperor scorpion (11 damage)
             ... on level 4 of the Spider Nest on June 18, 2017.
             The game lasted 02:40:01 (51997 turns).

Ic0n the Executioner (Hill Orc Monk)               Turns: 51997, Time: 02:40:03

Health: -3/174     AC: 27    Str: 20    XL:     19   Next: 16%
Magic:  18/30      EV:  6    Int: 10    God:    the Shining One [******]
Gold:   1563       SH:  0    Dex: 15    Spells: 14/18 levels left

rFire    . . .     SeeInvis .   a - +9 executioner's axe (chop)
rCold    . . .     Gourm    +   (shield currently unavailable)
rNeg     + + +     Faith    .   d - +4 chain mail {rPois}
rPois    +         Spirit   .   J - +2 hat {MR+}
rElec    +         Reflect  .   z - scarf {repulsion}
rCorr    .         Harm     .   k - +2 pair of gloves
MR       ++...                  x - +2 pair of boots
Stlth    ..........             A - amulet of the gourmand
Regen    0.4/turn               G - ring of Laosoud {rElec Stlth+}
MPRegen  0.3/turn               K - +2 ring of slaying

@: divine shield, held, glowing, repel missiles
A: no striking features
a: Divine Shield, Cleansing Flame, Summon Divine Warrior, Brand Weapon With Holy
Wrath, Renounce Religion


You were on level 4 of the Spider Nest.
You worshipped the Shining One.
The Shining One was exalted by your worship.
You were not hungry.

You visited 8 branches of the dungeon, and saw 35 of its levels.
You also visited: Bailey.

You collected 3380 gold pieces.
You spent 1817 gold pieces at shops.

Inventory:

Hand Weapons
 a - a +9 executioner's axe of chopping (weapon)
 b - the +4 arbalest of Classification {freeze, rElec}
   (You bought it in a shop on level 2 of the Orcish Mines)

   It causes projectiles fired from it to freeze those they strike, causing
   extra injury to most foes and up to half again as much damage against
   particularly susceptible opponents.
   They can also slow down cold-blooded creatures.
   It insulates you from electricity.
 V - a +0 dire flail of freezing
Missiles
 S - 116 bolts
 T - 7 tomahawks of dispersal (quivered)
Armour
 d - a +4 chain mail of poison resistance (worn)
 k - a +2 pair of gloves (worn)
 x - a +2 pair of boots (worn)
 z - a scarf of repulsion (worn)
 J - a +2 hat of magic resistance (worn)
 R - the +3 chain mail "Hosaw" {rF+ MR+ Dex+3 Slay+4}
   (You bought it in a shop on level 2 of the Orcish Mines)

   It affects your dexterity (+3).
   It affects your accuracy and damage with ranged weapons and melee attacks
   (+4).
   It protects you from fire.
   It affects your resistance to hostile enchantments.
Jewellery
 g - an uncursed ring of protection from fire
 h - an uncursed ring of flight
 v - an uncursed ring of protection from cold
 A - an amulet of the gourmand (around neck)
 G - the ring of Laosoud (left hand) {rElec Stlth+}
   (You found it on level 9 of the Dungeon)

   [ring of stealth]

   It insulates you from electricity.
   It makes you more stealthy.
 K - a +2 ring of slaying (right hand)
 Q - an uncursed ring of protection from magic
Wands
 l - a wand of enslavement (23/24)
 E - a wand of acid (10/15)
 F - a wand of acid (7/15)
 I - a wand of iceblast (13/15)
 O - a wand of paralysis (6/24)
 P - a wand of digging (7/24)
Scrolls
 j - 7 scrolls of remove curse
 t - 7 scrolls of teleportation
 u - a scroll of enchant armour
 y - 2 scrolls of identify
 D - 4 scrolls of recharging
 H - 3 scrolls of fog
 L - 5 scrolls of amnesia
Potions
 e - 10 potions of curing
 f - a potion of mutation
 m - 5 potions of haste
 o - a potion of flight
 q - 2 potions of lignification
 r - 7 potions of brilliance
 s - 3 potions of cancellation
 w - 4 potions of ambrosia
 B - 5 potions of magic
 C - a potion of resistance
 Y - 3 potions of agility
Miscellaneous
 X - a lightning rod (4/4)
Comestibles
 c - 17 bread rations
 i - 13 meat rations
 p - 8 royal jellies


   Skills:
 + Level 16.8 Fighting
   Level 0.8(2.7) Short Blades
   Level 4.7 Long Blades
 * Level 23.0 Axes
   Level 5.3 Bows
 - Level 10.0 Crossbows
 + Level 15.5 Armour
 - Level 7.7 Dodging
 - Level 1.5 Stealth
 * Level 15.1 Invocations


You had 14 spell levels left.
You knew the following spells:

 Your Spells              Type           Power        Failure   Level  Hunger
a - Blink                 Tloc           N/A          96%         2    ###....
b - Swiftness             Chrm/Air       #.......     96%         2    ###....


Dungeon Overview and Level Annotations

Branches:
Dungeon (15/15)            Temple (1/1) D:7            Lair (6/6) D:8
  Swamp (4/4) Lair:4       Spider (4/4) Lair:4        Slime (0/5) Lair:6
    Orc (2/2) D:9             Elf (2/3) Orc:2        Vaults (0/5) D:14
 Depths (1/5) D:15

Altars:
Ashenzari
Cheibriados
Dithmenos
Elyvilon
Fedhas
Gozag
Hepliaklqana
Kikubaaqudgha
Makhleb
Nemelex Xobeh
Okawaru
Qazlal
Ru
Sif Muna
Trog
Uskayaw
Vehumet
Xom
Yredelemnul
Zin
The Shining One
Beogh
Jiyva

Shops:
D:5 [   D:11 ?[   D:13 =   Orc:2 (*([   Elf:1 [

Annotations:
D:6 1 runed door
Swamp:4 Bai Suzhen
Elf:2 3 runed doors


Message History

The emperor scorpion stings you but does no damage.
The emperor scorpion claws you but does no damage. x2
The jumping spider closely misses you. The jumping spider bites you.
* * * LOW HITPOINT WARNING * * *
The emperor scorpion stings you but does no damage.
The emperor scorpion barely misses you. The emperor scorpion claws you!
* * * LOW HITPOINT WARNING * * *
You struggle to detach yourself from the web.
The jumping spider pounces on you but does no damage.
The jumping spider bites you but does no damage.
The emperor scorpion stings you!! The Shining One protects you from harm!
The emperor scorpion completely misses you.
The emperor scorpion claws you.
* * * LOW HITPOINT WARNING * * *
The jumping spider completely misses you.
The jumping spider bites you. The Shining One protects you from harm!
You feel better. The emperor scorpion stings you!
You die...

#..## ..^%# ##..## #(.#^#
#....# ##..## ##....##
###s^....###
######.@=^......####
###.......s..........##
#.....................#
#....##...............####
##.###..............###... ####
##...................
#####^.#####.#................
##^...^###.####^...............
#.....###...................^..


You could see an emperor scorpion (berserk) and a jumping spider.

Vanquished Creatures
  Nikola (Spider:2)
  Jorgrun (Depths:1)
  Rupert (D:14)
  Gastronok (D:8)
  2 thorn hunters
  An orc warlord (Orc:1)
  3 ghost moths
  2 emperor scorpions
  A very ugly thing (Depths:1)
  An entropy weaver (Spider:3)
  2 deep elf annihilators
  A spark wasp (Spider:2)
  An ettin (Orc:2)
  A deep elf death mage (Elf:2)
  2 mummy priests (Depths:1)
  Josephine (D:13)
  A deep elf high priest (Elf:2)
  A fire dragon (D:15)
  An ice dragon (D:15)
  A rakshasa (D:15)
  16 hydras
  A catoblepas (Lair:6)
  A ghost crab (Swamp:2)
  4 centaur warriors
  8 two-headed ogres
  13 dancing weapons
  2 tengu warriors (D:14)
  2 deep troll shamans
  4 alligators
  9 death yaks
  4 orc high priests
  Urug (D:14)
  11 deep elf knights
  Sonja (D:12)
  7 skeletal warriors
  5 unseen horrors
  3 deep trolls
  A swamp dragon (Swamp:1)
  2 glowing orange brains (Depths:1)
  Pikel (D:4)
  26 wolf spiders
  A lindwurm (Lair:6)
  5 shambling mangroves
  5 deep elf archers
  3 orc knights
  9 orb spiders
  42 deep elf magi
  4 manticores
  4 ugly things
  6 orc sorcerers
  3 centaur zombies
  7 cyclopes
  3 moths of wrath
  7 elephants
  A black mamba (Lair:2)
  Joseph (D:7)
  Maurice (D:8)
  3 torpor snails
  3 gargoyles
  A spiny frog (shapeshifter) (D:15)
  20 spiny frogs
  6 rime drakes
  11 demonic crawlers
  10 komodo dragons
  A redback zombie (D:15)
  2 kobold demonologists (D:15)
  2 polar bears
  15 trolls
  19 jumping spiders
  12 hornets
  13 slime creatures
  7 bog bodies
  11 hippogriffs
  A harpy skeleton (D:15)
  7 tyrant leeches
  19 blink frogs
  A dream sheep (Lair:6)
  2 air elementals
  6 wraiths (D:13)
  22 tarantellas
  12 spriggans
  4 shadows
  8 wyverns
  4 basilisks
  28 yaks
  62 redbacks
  A water elemental (Elf:2)
  A fire elemental (Elf:1)
  16 humans
  A steam dragon (D:13)
  A spatial vortex (Spider:3)
  22 vampire mosquitoes
  2 hungry ghosts
  7 insubstantial wisps
  13 swamp worms
  2 soldier ants
  2 wargs
  4 acid dragons
  16 water moccasins
  46 orc warriors
  13 porcupines
  4 sky beasts
  10 swamp drakes
  6 ice beasts
  5 phantoms
  4 black bears
  16 ogres
  4 slaves
  2 eyes of draining
  2 necrophages
  11 centaurs
  5 wolves (Lair:6)
  16 crocodiles
  A big kobold (D:14)
  22 bullfrogs
  2 wyvern zombies (D:14)
  3 earth elementals
  A water moccasin zombie (D:5)
  8 scorpions
  18 killer bees
  4 wights (D:14)
  4 howler monkeys
  An electric eel (Spider:1)
  2 bullfrog zombies
  4 crimson imps
  3 jellies
  5 centaur skeletons
  24 orc priests
  5 hounds
  21 orc wizards
  4 bullfrog skeletons
  6 iguanas
  2 hell rats (Lair:6)
  18 worker ants
  A killer bee zombie (D:6)
  5 hound zombies
  A hound skeleton (D:6)
  2 worker ant zombies
  A howler monkey skeleton (D:5)
  24 adders
  16 gnolls
  5 river rats (Lair:6)
  A shadow imp (D:15)
  3 oozes
  An adder zombie (D:5)
  An adder skeleton (D:9)
  2 worms
  11 dart slugs
  9 leopard geckos
  118 orcs
  2 ball pythons
  5 bats
  17 giant cockroaches
  15 goblins
  A goblin (shapeshifter) (Elf:1)
  15 hobgoblins
  12 jackals
  27 kobolds
  8 quokkas
  8 frilled lizards
  2 jackal skeletons
  A jackal zombie (D:9)
  A leopard gecko skeleton (D:7)
  A leopard gecko zombie (D:8)
  A quokka skeleton (D:8)
  13 rats
  A fungus (Lair:4)
  11 plants
1294 creatures vanquished.

Vanquished Creatures (collateral kills)
  Saint Roka (Orc:2)
  A spriggan (Swamp:1)
  A shambling mangrove (Swamp:1)
  A hornet (Swamp:1)
4 creatures vanquished.

Vanquished Creatures (others)
  A redback (Spider:2)
  An orc wizard (D:14)
  6 fungi
  8 plants
16 creatures vanquished.

Grand Total: 1314 creatures vanquished

Notes
Turn   | Place    | Note
-------+----------+-------------------------------------------
     0 | D:1      | Ic0n the Hill Orc Monk began the quest for the Orb.
     0 | D:1      | Reached XP level 1. HP: 19/19 MP: 1/1
   127 | D:1      | Reached XP level 2. HP: 27/27 MP: 2/2
   274 | D:1      | Reached XP level 3. HP: 17/33 MP: 3/3
   742 | D:1      | Reached skill level 1 in Armour
  1232 | D:2      | Reached XP level 4. HP: 37/40 MP: 4/4
  2403 | D:2      | Found a sacrificial altar of Ru.
  2414 | D:2      | Found a hide-covered altar of Uskayaw.
  2437 | D:2      | Reached XP level 5. HP: 47/47 MP: 5/5
  3040 | D:3      | Reached skill level 1 in Long Blades
  3217 | D:3      | Reached skill level 5 in Fighting
  3415 | D:2      | Reached XP level 6. HP: 43/56 MP: 6/6
  4537 | D:4      | Noticed a slave
  4537 | D:4      | Noticed a slave
  4538 | D:4      | Noticed a slave
  4569 | D:3      | Killed a slave
  4825 | D:4      | Noticed a slave
  4837 | D:4      | Killed a slave
  4843 | D:4      | Killed a slave
  4853 | D:4      | Killed a slave
  4857 | D:4      | Reached XP level 7. HP: 35/62 MP: 7/7
  5014 | D:4      | Noticed Pikel
  5039 | D:4      | Killed Pikel
  5039 | D:4      | Reached XP level 8. HP: 50/71 MP: 8/8
  5492 | D:5      | Entered Level 5 of the Dungeon
  5601 | D:5      | Found Vuckino's Armour Shoppe.
  5950 | D:5      | Found a stormy altar of Qazlal.
  6103 | D:6      | Reached skill level 5 in Armour
  6507 | D:6      | Reached skill level 5 in Dodging
  6571 | D:6      | Found a runed door.
  6589 | D:6      | Reached skill level 5 in Axes
  6765 | D:6      | Found a runed door.
  6790 | D:6      | Reached XP level 9. HP: 77/81 MP: 9/9
  6818 | D:6      | Reached skill level 6 in Axes
  7418 | D:6      | Reached skill level 7 in Axes
  7992 | D:7      | Found a staircase to the Ecumenical Temple.
  8001 | Temple   | Entered the Ecumenical Temple
  8038 | Temple   | Became a worshipper of the Shining One
  8038 | Temple   | Reached * piety under the Shining One
  8038 | Temple   | Reached ** piety under the Shining One
  8239 | D:7      | Reached skill level 8 in Axes
  8359 | D:7      | Noticed Joseph
  8402 | D:7      | Killed Joseph
  8827 | D:7      | Reached XP level 10. HP: 90/91 MP: 10/10
  8897 | D:7      | Reached skill level 9 in Axes
  9448 | D:8      | Noticed Maurice
  9589 | D:8      | Noticed a two-headed ogre
  9603 | D:8      | The Shining One protects you from harm!
  9607 | D:8      | Killed a two-headed ogre
  9607 | D:8      | Reached skill level 10 in Axes
  9988 | D:8      | Killed Maurice
 10201 | D:8      | Noticed Gastronok
 10290 | D:8      | Identified a scroll of acquirement
 10381 | D:8      | Killed Gastronok
 10381 | D:8      | Reached skill level 10 in Fighting
 10381 | D:8      | Reached skill level 11 in Axes
 10381 | D:8      | Reached XP level 11. HP: 60/100 MP: 11/11
 11044 | D:8      | Found a staircase to the Lair.
 11138 | D:9      | Found a flagged portal.
 11155 | Bailey   | Entered a bailey
 11322 | Bailey   | Reached skill level 12 in Axes
 11419 | Bailey   | Reached *** piety under the Shining One
 11707 | D:9      | Noticed a two-headed ogre
 11712 | D:9      | Killed a two-headed ogre
 11876 | D:9      | Found a staircase to the Orcish Mines.
 11926 | D:9      | Found an iron altar of Okawaru.
 12313 | D:9      | Got a heavily runed amber ring
 12315 | D:9      | Identified the ring of Laosoud {rElec Stlth+} (You found it on level 9 of the Dungeon)
 12358 | D:9      | Got a brightly glowing scale mail
 12360 | D:9      | Identified the +1 scale mail "Qokenor" {Dex+8} (You found it on level 9 of the Dungeon)
 12595 | D:10     | Entered Level 10 of the Dungeon
 13003 | D:10     | Noticed a two-headed ogre
 13008 | D:10     | Killed a two-headed ogre
 13008 | D:10     | Reached skill level 13 in Axes
 13280 | D:10     | Noticed a two-headed ogre
 13288 | D:10     | Killed a two-headed ogre
 13820 | D:10     | Paralysed by a hornet for 1 turns
 14242 | D:11     | Reached XP level 12. HP: 100/110 MP: 12/12
 14344 | D:11     | Noticed an eight-headed hydra
 14849 | Lair:1   | Entered Level 1 of the Lair of Beasts
 14972 | D:5      | Bought a +4 chain mail of poison resistance for 427 gold pieces
 15065 | Orc:1    | Entered Level 1 of the Orcish Mines
 15067 | Orc:1    | Noticed an orc high priest
 15068 | Orc:1    | Reached **** piety under the Shining One
 15795 | Lair:1   | Reached skill level 14 in Axes
 15862 | Lair:1   | Reached skill level 1 in Invocations
 16018 | Lair:1   | Got a bloodstained falchion
 16025 | Lair:1   | Identified the +6 falchion of the Skies Above {venom, *Contam +Inv rPois} (You found it on level 1 of the Lair of Beasts)
 16375 | Lair:2   | Noticed a six-headed hydra
 16588 | Lair:2   | Reached skill level 10 in Armour
 16804 | Lair:2   | Noticed an eight-headed hydra
 16968 | Lair:3   | Reached skill level 5 in Invocations
 17815 | Lair:3   | Reached skill level 15 in Axes
 18397 | Lair:4   | Found a staircase to the Swamp.
 18411 | Lair:4   | Reached ***** piety under the Shining One
 18452 | Lair:4   | Noticed a four-headed hydra
 18479 | Lair:4   | Killed a four-headed hydra
 18479 | Lair:4   | Reached XP level 13. HP: 101/118 MP: 14/18
 18748 | Lair:4   | Found a hole to the Spider Nest.
 20230 | Lair:5   | Reached skill level 16 in Axes
 21496 | Lair:6   | Entered Level 6 of the Lair of Beasts
 22266 | Lair:6   | Found a viscous altar of Jiyva.
 22266 | Lair:6   | Found a staircase to the Slime Pits.
 22286 | Lair:6   | Reached skill level 10 in Invocations
 22882 | Lair:6   | Reached XP level 14. HP: 127/127 MP: 21/21
 23365 | Lair:6   | Reached skill level 17 in Axes
 23694 | Lair:6   | Identified the Reference Book on Torrid Intoxication
 25029 | D:11     | Found Zis Taer's Antique Armour Shoppe.
 25075 | D:11     | Bought a pair of glowing gloves for 262 gold pieces
 25216 | D:11     | Found Jihairch's Magic Scroll Emporium.
 25220 | D:11     | Bought a scroll of identify for 26 gold pieces
 25220 | D:11     | Bought a scroll of teleportation for 39 gold pieces
 25220 | D:11     | Bought a scroll of magic mapping for 45 gold pieces
 25220 | D:11     | Bought a scroll of identify for 26 gold pieces
 25885 | D:12     | Noticed Sonja
 25895 | D:12     | Killed Sonja
 27184 | D:13     | Found Faiza's Jewellery Boutique.
 27352 | D:13     | Reached skill level 18 in Axes
 27445 | D:13     | Learned a level 2 spell: Blink
 28107 | D:13     | Noticed Josephine
 28111 | D:13     | Reached skill level 1 in Bows
 28120 | D:13     | Reached XP level 15. HP: 113/137 MP: 24/24
 28131 | D:13     | Killed Josephine
 28134 | D:13     | Reached ****** piety under the Shining One
 28141 | D:13     | Found a blossoming altar of Fedhas.
 28674 | D:14     | Noticed Urug
 28678 | D:14     | Noticed Rupert
 28828 | D:13     | Bought a cursed ring of protection from magic for 308 gold pieces
 28830 | D:14     | Found a gate to the Vaults.
 29688 | Orc:2    | Entered Level 2 of the Orcish Mines
 29767 | Orc:2    | Found a frozen archway.
 29843 | Orc:2    | Found a staircase to the Elven Halls.
 29911 | Orc:2    | Found a roughly hewn altar of Beogh.
 29912 | Orc:2    | Found Guveerec's Assorted Antiques.
 30070 | Orc:2    | Noticed an orc warlord
 30373 | Orc:1    | Killed an orc warlord
 31206 | Orc:2    | Found a roughly hewn altar of Beogh.
 31240 | Orc:2    | Found a roughly hewn altar of Beogh.
 31369 | Orc:2    | Found a roughly hewn altar of Beogh.
 31379 | Orc:2    | Found Zorghocw's Antique Weapon Boutique.
 31532 | Orc:2    | Reached skill level 5 in Bows
 31560 | Orc:2    | Reached skill level 19 in Axes
 31572 | Orc:2    | Noticed Saint Roka
 31591 | Orc:2    | Killed Saint Roka
 31592 | Orc:2    | Found Wyblueloy's Antique Armour Shop.
 31592 | Orc:2    | Found a roughly hewn altar of Beogh.
 31620 | Orc:2    | Found Xumij's Antique Weapon Boutique.
 31888 | Orc:2    | Bought an iridescent arbalest for 247 gold pieces
 31890 | Orc:2    | Identified the +4 arbalest of Classification {freeze, rElec} (You bought it in a shop on level 2 of the Orcish Mines)
 31897 | Orc:2    | Bought an encrusted chain mail for 237 gold pieces
 31908 | Orc:2    | Identified the +3 chain mail "Hosaw" {rF+ MR+ Dex+3 Slay+4} (You bought it in a shop on level 2 of the Orcish Mines)
 31910 | Orc:2    | Bought a runed scarf for 200 gold pieces
 32010 | Orc:2    | Found a roughly hewn altar of Beogh.
 32141 | Orc:2    | Found a roughly hewn altar of Beogh.
 32510 | D:14     | Killed Urug
 32510 | D:14     | Reached skill level 1 in Crossbows
 32832 | D:14     | Killed Rupert
 33571 | D:14     | Reached XP level 16. HP: 141/147 MP: 25/25
 33588 | D:14     | Learned a level 2 spell: Swiftness
 33691 | D:14     | Identified Sif Muna's Catalogue of Displacement and Fire
 33988 | D:15     | Entered Level 15 of the Dungeon
 34900 | D:15     | Found a staircase to the Depths.
 35118 | Depths:1 | Entered Level 1 of the Depths
 35118 | Depths:1 | Noticed Jorgrun
 35130 | Depths:1 | Killed Jorgrun
 35130 | Depths:1 | Reached skill level 5 in Crossbows
 35436 | Depths:1 | Reached skill level 20 in Axes
 35726 | Depths:1 | Reached skill level 15 in Fighting
 35783 | Depths:1 | Noticed a greater mummy
 36036 | Elf:1    | Entered Level 1 of the Elven Halls
 37146 | Elf:1    | Found Teoges's Antique Armour Boutique.
 37519 | Elf:1    | Reached XP level 17. HP: 149/154 MP: 26/26
 39562 | Elf:2    | Reached skill level 21 in Axes
 40116 | Elf:2    | Found a runed gate.
 40116 | Elf:2    | Found a runed gate.
 40117 | Elf:2    | Found a runed gate.
 41109 | Swamp:1  | Entered Level 1 of the Swamp
 42387 | Swamp:1  | You fall through a shaft!
 43654 | Swamp:2  | Got a fine plate armour
 43655 | Swamp:2  | Identified the +3 plate armour of the Hunter {Dex+4} (You found it on level 2 of the Swamp)
 44162 | Swamp:2  | Reached XP level 18. HP: 151/164 MP: 27/27
 45710 | Swamp:4  | Entered Level 4 of the Swamp
 45731 | Swamp:4  | Reached skill level 22 in Axes
 45927 | Swamp:4  | Noticed Bai Suzhen
 46223 | Swamp:4  | Reached skill level 10 in Crossbows
 46235 | Swamp:4  | Reached skill level 15 in Armour
 46676 | Spider:1 | Entered Level 1 of the Spider Nest
 47722 | Spider:1 | Got a pitted scale mail
 47723 | Spider:1 | Identified the cursed +0 scale mail of Recklessness {rC- Int+6} (You found it on level 1 of the Spider Nest)
 48189 | Spider:2 | Noticed Nikola
 48557 | Spider:2 | Killed Nikola
 50825 | Spider:3 | Reached XP level 19. HP: 155/174 MP: 30/30
 51088 | Spider:4 | Entered Level 4 of the Spider Nest
 51922 | Spider:4 | Reached skill level 23 in Axes
 51922 | Spider:4 | Reached skill level 15 in Invocations
 51994 | Spider:4 | HP: 6/174 [jumping spider (13)]
 51995 | Spider:4 | HP: 2/174 [emperor scorpion (7)]
 51996 | Spider:4 | The Shining One protects you from harm!
 51996 | Spider:4 | The Shining One protects you from harm!
 51997 | Spider:4 | Slain by an emperor scorpion

Skill      XL: |  1  2  3  4  5  6  7  8  9 10 11 12 13 14 15 16 17 18 19 |
---------------+----------------------------------------------------------+-----
Fighting       | 4 5 6 7 9 10 11 12 13 14 15 16 | 16.8
Armour         | 1 2 3 4 5 7 8 9 10 11 12 13 14 15 | 15.5
Dodging        | 3 4 5 6 7 |  7.7
Long Blades    | 1 2 4 |  4.7
Axes           | 5 8 11 13 15 16 18 19 20 21 22 23 | 23.0
Invocations    | 6 10 13 14 15 | 15.1
Bows           | 1 5 |  5.3
Crossbows      | 2 6 9 10 | 10.0
Short Blades   | |  0.8
Stealth        | |  1.5

Action                   |  1- 3 |  4- 6 |  7- 9 | 10-12 | 13-15 | 16-18 | 19-21 || total
-------------------------+-------+-------+-------+-------+-------+-------+-------++-------
Melee: Hand axe          |   135 |       |       |       |       |       |       ||   135
       Rapier            |       |    88 |       |       |       |       |       ||    88
       Long sword        |       |   221 |   371 |   114 |       |       |       ||   706
       Battleaxe         |       |       |    26 |       |       |       |       ||    26
       Executioner's axe |       |       |       |   341 |   873 |  1033 |    89 ||  2336
       Whip              |       |       |       |     9 |    62 |       |       ||    71
       Dire flail        |       |       |       |       |       |    60 |       ||    60
 Fire: Arbalest          |       |       |       |       |     1 |    22 |    11 ||    34
Throw: Tomahawk          |       |       |       |    38 |       |       |       ||    38
Invok: Divine Shield     |       |       |       |     1 |     9 |     9 |     1 ||    20
       Summon Divine War |       |       |       |       |     1 |     1 |       ||     2
       Cleansing Flame   |       |       |       |       |       |     2 |       ||     2
 Abil: Evoke Flight      |       |       |       |     4 |       |       |       ||     4
Evoke: Wand              |       |       |       |     3 |     3 |       |       ||     6
  Use: Scroll            |       |    13 |     4 |    16 |    18 |    19 |       ||    70
       Potion            |       |       |     4 |     2 |     8 |     6 |     3 ||    23
 Stab: Sleeping          |     1 |     2 |       |       |       |       |       ||     3
  Eat: Chunk             |     1 |    12 |    12 |    32 |    55 |    33 |       ||   145
       Fruit             |       |       |     2 |     2 |       |    18 |       ||    22
       Royal jelly       |       |       |       |     4 |       |       |     3 ||     7
Armor: Robe              |    28 |     5 |       |       |       |       |       ||    33
       Ring mail         |       |   120 |   135 |   122 |       |       |       ||   377
       Chain mail        |       |       |       |    85 |   544 |   775 |   102 ||  1506
       Skin              |       |       |       |       |    28 |       |       ||    28
Dodge: Dodged            |   109 |   204 |   293 |   474 |   643 |   645 |    55 ||  2423
       Deflected         |       |       |       |       |     7 |    13 |       ||    20
Block: Other             |       |       |       |     5 |    63 |    52 |    13 ||   133
       Rpst.: Long sword |       |    47 |    81 |    24 |       |       |       ||   152
